 Dungeon Crawl Stone Soup version 0.18-a0-1405-g73f4075 (webtiles) character file.

57 gorblad the Vexing (level 3, -3/26 HPs)
             Began as a Draconian Enchanter on Feb 24, 2016.
             Slain by Sigmund
             ... wielding a +1 scythe of freezing
              (4 damage)
             ... on level 2 of the Dungeon.
             The game lasted 00:03:07 (1350 turns).

gorblad the Vexing (Draconian Enchanter)            Turns: 1350, Time: 00:03:07

Health: -3/26      AC:  5    Str: 11    XL:     3   Next: 73%
Magic:  6/6        EV: 12    Int: 15    God:
Gold:   29         SH:  0    Dex: 11    Spells: 1 memorised, 6 levels left

rFire  + . .     SeeInvis .     e - +2 short sword (venom)
rCold  . . .     Gourm    .     (armour unavailable)
rNeg   . . .     Faith    .     (no shield)
rPois  .         Spirit   .     (helmet restricted)
rElec  .         Dismiss  .     (no cloak)
rCorr  .         Reflect  .     (no gloves)
SustAt .         Harm     .     (no boots)
MR     .....                    (no amulet)
Stlth  ++........               (no ring)
                                f - ring of protection from fire

@: slowed, very slow, not resistant to hostile enchantments, unstealthy
A: unfitting armour, cold-blooded, AC +5
a: no special abilities


You were on level 2 of the Dungeon.
You were not hungry.

You visited 1 branch of the dungeon, and saw 2 of its levels.

You collected 29 gold pieces.

Inventory:

Hand Weapons
 a - a +1 dagger
 e - a +2 short sword of venom (weapon)
Jewellery
 f - a ring of protection from fire (left hand)
 i - an uncursed amulet of guardian spirit {unknown}
Scrolls
 g - 3 scrolls of remove curse
 o - a scroll of identify
Potions
 h - 2 potions of degeneration {unknown}
 j - a potion of might
 k - a potion of resistance {unknown}
 l - a potion of magic {unknown}
 n - a potion of lignification {unknown}
Books
 b - a book of Maledictions

   Spells                             Type                      Level
   a - Corona                         Hexes                        1
   b - Ensorcelled Hibernation        Hexes/Ice                    2
   c - Confuse                        Hexes                        3
   d - Tukima's Dance                 Hexes                        3
   e - Dazzling Spray                 Conjuration/Hexes            3
Comestibles
 c - a bread ration
 d - a beef jerky
 m - a meat ration
 p - 2 chunks of flesh


   Skills:
 + Level 1.4 Short Blades
 + Level 2.0 Dodging
 + Level 3.1 Stealth
 + Level 2.6 Spellcasting
 + Level 3.3 Hexes


You had 6 spell levels left.
You knew the following spells:

 Your Spells              Type           Power        Failure   Level  Hunger
a - Corona                Hex            ##.....      8%          1    #......


Dungeon Overview and Level Annotations

Branches:
Dungeon (2/15)

Altars:

Annotations:
D:2 Sigmund


Innate Abilities, Weirdness & Mutations

Your plain brown scales are hard (AC +5).
Your body does not fit into most forms of armour.
You are cold-blooded and may be slowed by cold attacks.


Message History

Sigmund flickers and vanishes for a moment.
You barely miss the dart slug.
Sigmund stops glowing and disappears.
The dart slug bites you but does no damage.
You hit the dart slug.
The dart slug is heavily wounded.
Something hits you but does no damage.
Deactivating autopickup; reactivate with Ctrl-A.
You hit the dart slug.
You kill the dart slug!
A quokka comes into view.
You hit the quokka.
The quokka is poisoned.
The quokka is severely wounded.
The quokka closely misses you. Something hits you! Something freezes you.
You feel yourself slow down.
You barely miss the quokka.
The quokka is severely wounded.
The quokka closely misses you. Something hits you!
* * * LOW HITPOINT WARNING * * *
Something freezes you.
You die...

... .. .. #.
######.######.# ..#
..........@.... ...
..w.......r$... ...
#r## .## ..#..
#.@#####..##.##..##
##....<.......)....
###..###..# #...
##........# #..
##..#####..# #..
#..####....##### #..
#.####..##.....# ###
##.###..###.###.....
#...)..## #.# ##..


You could see a quokka.

Vanquished Creatures
  2 adders (D:2)
  A worm (D:2)
  3 dart slugs
  2 giant geckos (D:1)
  A ball python (D:2)
  3 goblins
  A hobgoblin (D:2)
  2 jackals (D:2)
  4 kobolds
  A quokka (D:2)
  3 bats
  A giant newt (D:1)
  2 rats
26 creatures vanquished.

Notes
Turn   | Place    | Note
--------------------------------------------------------------
     0 | D:1      | gorblad the Draconian Enchanter began the quest for the Orb.
     0 | D:1      | Reached XP level 1. HP: 14/14 MP: 3/3
   380 | D:1      | Reached XP level 2. HP: 20/20 MP: 3/5
  1066 | D:2      | Reached XP level 3. HP: 26/26 MP: 4/6
  1337 | D:2      | Noticed Sigmund
  1350 | D:2      | HP: 1/26 [something (10)]
  1350 | D:2      | Slain by Sigmund

Vault maps used:
D:1:      dpeg_arrival_simpleton_c
D:2:      first_bread, uniq_sigmund

Skill      XL: |  1  2  3 |
---------------+----------+-----
Stealth        | 3 |  3.1
Hexes          | 3 |  3.3
Dodging        | 2 |  2.0
Short Blades   | |  1.4
Spellcasting   | |  2.6

Action                   || total
-------------------------++-------
Melee: Short sword       ||    61
       Dagger            ||     7
 Cast: Corona            ||    17
  Use: Scroll            ||     5
  Eat: Chunk             ||     2
